 Dungeon Crawl Stone Soup version 0.15-a0-2232-g756d4b8 (webtiles) character file.

373697 Chiseanne the Ninja (level 21, 0/112 HPs)
             Began as a Spriggan Hunter on July 11, 2014.
             Was an Initiate of Gozag.
             Slain by a tentacled monstrosity (4 damage)
             ... on Level 5 of the Vaults on July 25, 2014.
             The game lasted 05:38:17 (60776 turns).

Chiseanne the Ninja (Spriggan Hunter)              Turns: 60776, Time: 05:38:17

HP   0/112       AC  9     Str  8      XL: 21   Next: 75%
MP   0/34        EV 42     Int 14      God: Gozag
Gold 10983       SH 14     Dex 25      Spells:  4 memorised, 14 levels left

rFire  + . .     SeeInvis +     a - +10 dagger "Xaiselu" {elec, rElec rPois rC+ rN+ MR+}
rCold  + + +     Clarity  +     T - +4 moon troll leather armour {Spirit, MP+5 Regen}
rNeg   + . .     rCorr    .     s - +2 buckler {reflect}
rPois  +         rRot     .     A - +1 hat "Reirav" {rC+}
rElec  +         Spirit   +     i - +1 cloak {MR+}
SustAb .         Warding  .     (gloves unavailable)
rMut   .         Stasis   .     (boots unavailable)
Gourm  .                        Z - amulet of Order {Clar Slay+4 Stlth--}
MR     +++++                    Q - ring of the Ancient Deaths {rC+ Stlth+ Regen}
                                O - ring of protection from fire

@: flayed, constricted, very quick, almost entirely resistant to hostile
enchantments, uncannily stealthy
A: unfitting armour, claws 1, see invisible, deformed body, herbivore 3, speed
3, electricity resistance, slow healing 1, slow metabolism 2
a: Potion Petition, Call Merchant, Bribe Branch, Renounce Religion
}: 2/15 runes: serpentine, barnacled


You were on level 5 of the Vaults.
You worshipped Gozag.
Gozag was noncommittal.
You were full.

You visited 8 branches of the dungeon, and saw 46 of its levels.
You visited the Abyss 1 time.
You visited 1 bazaar.
You also visited: Volcano.

You collected 22017 gold pieces.
You spent 10919 gold pieces at shops.
You paid 115 gold pieces to Gozag.

Inventory:

Hand weapons
 a - the +10 dagger "Xaiselu" (weapon) {elec, rElec rPois rC+ rN+ MR+}
   (You found it on level 7 of the Dungeon)

   Occasionally, upon striking a foe, it will discharge some electrical energy
   and cause terrible harm.
   It protects you from cold.
   It insulates you from electricity.
   It protects you from poison.
   It protects you from negative energy.
   It affects your resistance to hostile enchantments.
 q - a +0 blowgun
 w - the +9 hunting sling of Crawling {venom, rF+}
   (You bought it in a shop on level 11 of the Dungeon)

   It poisons the ammo it fires.
   It protects you from fire.
Missiles
 e - 23 sling bullets of flame
 m - 19 poisoned needles
 n - a throwing net
 p - 6 curare-tipped needles
 r - 11 tomahawks (quivered)
 x - 199 sling bullets
 H - 41 steel sling bullets
 M - 57 exploding sling bullets
 R - 16 sling bullets of frost
 Y - 16 poisoned sling bullets
Armour
 i - a +1 cloak of magic resistance (worn)
 s - a +2 buckler of reflection (worn)
 A - the +1 hat "Reirav" (worn) {rC+}
   (You acquired it on level 1 of the Elven Halls)

   It protects you from cold.
 T - the +4 moon troll leather armour (worn) {Spirit, MP+5 Regen}
   (You found it on level 7 of the Dungeon)

   It affects your magic capacity (+5).
   It increases your rate of regeneration.
Magical devices
 d - a wand of disintegration (7)
 j - a wand of teleportation (3)
 E - a wand of digging (2)
 K - a wand of confusion (2)
 N - a wand of paralysis (7)
 P - a wand of heal wounds (2)
Comestibles
 b - 24 bread rations
Scrolls
 h - 12 scrolls of teleportation
 l - a scroll of silence
 u - 2 scrolls of blinking
 v - 5 scrolls of magic mapping
 B - 3 scrolls of fog
 D - 18 scrolls of remove curse
 G - a scroll of vulnerability
 J - a scroll of fear
 S - a scroll of holy word
 X - 9 scrolls of identify
Jewellery
 k - an uncursed amulet of warding
 I - the ring of Zunexuaj {+Fly rPois Str+4}
   (You found it on level 5 of the Shoals)

   [ring of strength]

   It affects your strength (+4).
   It protects you from poison.
   It lets you fly.
 O - a ring of protection from fire (left claw)
 Q - the ring of the Ancient Deaths (right claw) {rC+ Stlth+ Regen}
   (You bought it in a shop on level 4 of the Orcish Mines)

   [ring of regeneration]

   It protects you from cold.
   It increases your rate of regeneration.
   It makes you more stealthy.
 Z - the amulet of Order (around neck) {Clar Slay+4 Stlth--}
   (You found it on level 5 of the Vaults)

   [amulet of clarity]

   It provides mental clarity.
   It affects your accuracy and damage with ranged weapons and melee attacks
   (+4).
   It makes you much less stealthy.
Potions
 c - 8 potions of restore abilities
 g - 2 potions of cancellation
 o - 6 potions of heal wounds
 t - 2 potions of berserk rage
 z - a potion of haste
 C - 2 potions of invisibility
 F - 2 potions of resistance
 L - 3 potions of agility
 U - 3 potions of lignification
 V - 18 potions of curing
Books
 y - a book of Spatial Translocations

   Spells                             Type                      Level
   *Apportation                       Translocation                1
   *Blink                             Translocation                2
   *Shroud of Golubria                Charms/Translocation         2
   Portal Projectile                  Translocation                3
   Teleport Other                     Translocation                3
   Passage of Golubria                Translocation                4
Miscellaneous
 f - a disc of storms
 W - a sack of spiders {used: 1}


   Skills:
 - Level 12.6 Fighting
 - Level 10.0 Short Blades
 - Level 13.9(14.0) Slings
 - Level 2.9(6.6) Throwing
 O Level 27 Dodging
 O Level 27 Stealth
 + Level 16.9 Shields


You had 14 spell levels left.
You knew the following spells:

 Your Spells              Type           Power        Failure   Level  Hunger
a - Apportation           Tloc           #.........   30%         1    ##.....
b - Corona                Hex            #......      30%         1    ##.....
c - Blink                 Tloc           N/A          43%         2    ###....
d - Shroud of Golubria    Chrm/Tloc      #.........   43%         2    ###....


Dungeon Overview and Level Annotations

Branches:
Dungeon (15/15)            Temple (1/1) D:5             Orc (4/4) D:12
    Elf (3/3) Orc:4          Lair (8/8) D:11         Shoals (5/5) Lair:4
  Snake (5/5) Lair:4        Slime (0/6) Lair:7       Vaults (5/5) D:14
  Crypt (0/3) Vaults:2     Depths (0/5) D:15

Altars:
Ashenzari
Cheibriados
Dithmenos
Elyvilon
Fedhas
Gozag
Kikubaaqudgha
Makhleb
Nemelex Xobeh
Okawaru
Qazlal
Sif Muna
Trog
Vehumet
Xom
Yredelemnul
Zin
The Shining One
Beogh
Jiyva

Shops:
D:11 :(   D:13 *   Orc:1 ?   Orc:3 *   Orc:4 =*=([   Elf:2 }   Snake:1 ?:}%*
Snake:3 [   Vaults:3 }

Annotations:
Lair:1 amulet of stasis für orc4


Innate Abilities, Weirdness & Mutations

You are tiny and cannot use many weapons and most armour.
You have supernaturally acute eyesight.
You are a herbivore.
You cover ground extremely quickly.
You need consume almost no food.
You have sharp fingernails.
Armour fits poorly on your strangely shaped body.
You are resistant to electric shocks.
You heal slowly when monsters are visible.


Message History

* * * LOW HITPOINT WARNING * * *
The tentacled monstrosity tentacle-slaps you!
* * * LOW HITPOINT WARNING * * *
You block the tentacled monstrosity's attack.
* * * LOW HITPOINT WARNING * * *
The tentacled monstrosity constricts you!
The flayed ghost misses you.
You closely miss the flayed ghost.
The flayed ghost is severely damaged.
You block the yaktaur captain's attack.
You hit the flayed ghost.
The flayed ghost is severely damaged.
The flayed ghost misses you.
The tentacled monstrosity tentacle-slaps you!
* * * LOW HITPOINT WARNING * * *
You block the tentacled monstrosity's attack.
The tentacled monstrosity tentacle-slaps you!
* * * LOW HITPOINT WARNING * * *
You die...
Your body crumbles into a pile of gold.

## ... $ ... . ...
#.. .... #...
#################
....
##........).......
#..#....#############
#.W@$.##............
##c#X.#..##########.
#.9#.##.## ##
#..#.#..# ######
#..#.#.## #))..###
#..#.#.#. ##)##...##
...#.#.#.##)).###..#
...#.#.#.#..)..###.#
.#.#.#...[.)(..#.#


You could see a tentacled monstrosity, a yaktaur captain, a flayed ghost and a
war gargoyle.

Vanquished Creatures
  Saint Roka (Shoals:2)
  Norris (Vaults:3)
  Mara (Shoals:4)
  Frederick (Vaults:4)
  Asterion (Vaults:2)
  A deep elf master archer (Elf:3)
  A deep elf blademaster (Elf:3)
  2 sphinxes
  2 krakens
  Polyphemus (Shoals:3)
  Rupert (D:15)
  Frances (Shoals:4)
  A tengu reaver (Vaults:4)
  An ancient champion (Vaults:2)
  3 fire giants
  Ilsuiw (Shoals:5)
  4 greater nagas (Snake:5)
  10 vault wardens
  Donald (Shoals:1)
  Wiglaf (Shoals:4)
  3 frost giants
  Maud (Lair:6)
  2 deep elf sorcerers (Elf:3)
  Aizul (Elf:2)
  Louise (Snake:5)
  An orc warlord (Orc:3)
  4 stone giants
  9 deep elf demonologists
  The ghost of Borgoz the Fighter, a powerful TrBe of Trog (D:11)
  2 ettins
  8 deep elf annihilators
  35 vault guards
  Snorg (Snake:1)
  6 deep elf death magi
  9 merfolk javelineers
  10 merfolk impalers
  Josephine (D:15)
  3 deep elf high priests
  7 sirens
  15 yaktaur captains
  A fire dragon (Vaults:4)
  A rakshasa (Vaults:2)
  18 ironheart preservers
  2 great orbs of eyes (Vaults:3)
  Fannar (Lair:2)
  Harold (D:13)
  3 hydras
  15 naga warriors
  5 merfolk aquamancers
  An ice dragon (Vaults:2)
  7 anacondas
  A ghost crab (Vaults:2)
  2 dancing weapons (D:14)
  A deep troll earth mage (Vaults:4)
  3 deep troll shamans
  4 satyrs (Shoals:5)
  2 orc high priests
  A tengu warrior (D:13)
  9 ogre magi
  17 naga sharpshooters
  Urug (Orc:4)
  7 death yaks
  3 catoblepae
  6 shock serpents
  3 very ugly things
  11 centaur warriors
  2 salamander mystics
  17 sea snakes
  A giant orange brain (Vaults:3)
  3 large abominations (Abyss:2)
  4 shadow wraiths
  9 deep elf knights
  2 wizards (D:15)
  4 deep elf summoners (Elf:1)
  5 naga ritualists
  3 flayed ghosts
  14 deep trolls
  A lindwurm (Lair:8)
  A lindwurm (shapeshifter) (Vaults:5)
  2 unseen horrors (Vaults:1)
  6 water nymphs
  10 hill giants
  Pikel (D:4)
  13 ironbrand convokers
  Joseph (D:12)
  14 deep elf conjurers
  A shining eye (shapeshifter) (Vaults:5)
  9 griffons
  A necromancer (D:15)
  2 oklob plants
  17 harpies
  8 orc sorcerers
  11 orc knights
  A red wasp (Vaults:3)
  6 mana vipers
  3 wolf spiders
  14 salamanders
  22 fauns
  14 mermaids
  5 cyclopes
  A phantasmal warrior (Vaults:2)
  6 manticores
  A sixfirhy (Elf:3)
  8 vault sentinels
  Maurice (D:8)
  24 black mambas
  A salamander (shapeshifter) (Vaults:2)
  3 guardian serpents
  13 elephants
  2 drowned souls
  40 naga magi
  A torpor snail (Lair:8)
  An octopode (shapeshifter) (Vaults:4)
  A queen ant (Lair:4)
  2 gargoyles
  38 yaktaurs
  10 komodo dragons
  20 spiny frogs
  An elf (shapeshifter) (Vaults:2)
  A centaur zombie (D:10)
  4 deep elf priests
  2 hellwings
  2 freezing wraiths (Vaults:4)
  Grinder (D:6)
  A blue devil (Vaults:5)
  3 fire drakes
  4 kobold demonologists
  A troll (shapeshifter) (Vaults:2)
  31 merfolk
  15 two-headed ogres
  A jumping spider (Vaults:2)
  3 polar bears
  A tengu conjurer (D:13)
  Sonja (D:13)
  2 hydra zombies (D:15)
  A baby alligator (shapeshifter) (Vaults:3)
  4 slime creatures
  3 wind drakes
  4 wandering mushrooms (D:9)
  A wind drake (shapeshifter) (Vaults:4)
  13 trolls
  2 centaur skeletons
  A hydra skeleton (D:12)
  4 boulder beetles
  A vampire (D:15)
  15 snapping turtles
  13 blink frogs
  2 basilisks
  A trapdoor spider (D:14)
  A stone giant simulacrum (Vaults:3)
  A raven (D:13)
  A shadow (D:15)
  A spriggan (shapeshifter) (Vaults:1)
  A tarantella (Elf:1)
  67 yaks
  A spriggan (Lair:2)
  A wyvern (Lair:1)
  9 water elementals
  26 deep elf magi
  9 redbacks
  4 wraiths
  Grum (D:8)
  19 deep elf fighters
  11 vampire mosquitoes
  22 wolves
  A hungry ghost (D:10)
  24 ugly things
  A hippogriff (shapeshifter) (Vaults:4)
  An elf skeleton (D:15)
  17 hippogriffs
  3 wargs
  2 mottled dragons
  13 porcupines
  12 soldier ants (Lair:4)
  25 water moccasins
  40 nagas
  47 orc warriors
  2 phantoms
  4 black bears
  A tengu skeleton (D:14)
  30 ogres
  An orc zombie (D:15)
  A necrophage (D:11)
  6 sky beasts
  6 ice beasts
  A slave (D:4)
  11 boggarts
  11 centaurs
  A hill giant simulacrum (D:15)
  Duvessa (D:4)
  A yaktaur zombie (D:14)
  3 boring beetles
  14 crocodiles
  A brain worm (D:15)
  17 giant frogs
  A lost soul (Elf:3)
  A komodo dragon zombie (D:11)
  2 big kobolds (Vaults:1)
  A cyclops skeleton (D:14)
  A yaktaur skeleton (D:13)
  A human simulacrum (Vaults:2)
  A scorpion (D:8)
  17 wights
  4 killer bees (D:14)
  2 oklob saplings (D:9)
  An eye of draining (shapeshifter) (Vaults:1)
  11 electric eels
  A hippogriff zombie (D:9)
  7 crimson imps
  A hippogriff skeleton (D:12)
  3 jellies
  34 orc priests
  A quasit (D:8)
  2 giant frog zombies
  Dowan (D:4)
  3 iguanas
  34 orc wizards
  18 hounds
  45 worker ants
  6 orange rats (Lair:4)
  A boulder beetle simulacrum (D:15)
  2 elf simulacra
  A sky beast zombie (D:5)
  A big kobold zombie (D:8)
  7 sheep
  Ijyb (D:7)
  A hound skeleton (D:11)
  An ogre skeleton (D:11)
  7 gnolls
  21 adders
  68 green rats
  A shadow imp (D:7)
  An inept item mimic (Orc:3)
  3 giant mites
  3 white imps
  2 worms
  An ufetubus (Abyss:2)
  14 giant geckos
  3 oozes
  186 orcs
  3 ball pythons
  11 bats
  2 bat skeletons
  6 giant cockroaches
  23 hobgoblins
  11 kobolds
  11 quokkas
  4 giant newts
  A giant spore (D:11)
  18 goblins
  3 hobgoblin zombies
  18 jackals
  A quokka zombie (D:7)
  10 rats
  2 ballistomycetes (D:11)
  8 fungi
  29 plants
  3 tentacles
1982 creatures vanquished.

Vanquished Creatures (others)
  A deep elf master archer (Elf:3)
  4 drowned souls
  A naga mage (Snake:3)
  A troll (Orc:4)
  A vampire mosquito (Vaults:2)
  A naga (Snake:3)
  15 spiders
  3 ogres
  2 lost souls (Elf:3)
  5 orcs
  A goblin (D:4)
  A ball python (D:4)
  A bat (D:4)
  A giant cockroach (D:4)
  3 fungi (Lair:8)
  4 plants
  27 tentacles
  440 tentacle segments
512 creatures vanquished.

Grand Total: 2494 creatures vanquished

Notes
Turn   | Place    | Note
--------------------------------------------------------------
     0 | D:1      | Chiseanne, the Spriggan Hunter, began the quest for the Orb.
     0 | D:1      | Reached XP level 1. HP: 9/9 MP: 2/2
    63 | D:1      | Reached skill level 5 in Slings
   404 | D:1      | Reached XP level 2. HP: 14/14 MP: 4/4
  1189 | D:2      | Reached XP level 3. HP: 17/17 MP: 6/6
  1413 | D:2      | You fall through a shaft for 2 floors!
  1474 | D:4      | Noticed a slave
  1474 | D:4      | Noticed a slave
  1618 | D:2      | Found a deep blue altar of Sif Muna.
  1855 | D:2      | Reached skill level 6 in Slings
  1893 | D:2      | Reached skill level 1 in Throwing
  2292 | D:3      | Reached XP level 4. HP: 21/21 MP: 8/8
  2527 | D:3      | Reached skill level 1 in Short Blades
  2592 | D:3      | Found a burning altar of Makhleb.
  2864 | D:4      | Reached XP level 5. HP: 25/25 MP: 10/10
  2888 | D:4      | Reached skill level 7 in Slings
  3029 | D:4      | Noticed a slave
  3033 | D:4      | Noticed a slave
  3037 | D:4      | Found a glowing golden altar of the Shining One.
  3037 | D:4      | Noticed an angel
  3048 | D:4      | Killed a slave
  3062 | D:4      | Noticed Pikel
  3316 | D:4      | Killed Pikel
  3316 | D:4      | Reached skill level 9 in Slings
  3316 | D:4      | Reached XP level 6. HP: 23/29 MP: 12/12
  3316 | D:4      | Reached XP level 7. HP: 25/32 MP: 14/14
  3522 | D:4      | Noticed Duvessa
  3522 | D:4      | Noticed Dowan
  3535 | D:4      | Killed Dowan
  3619 | D:4      | Killed Duvessa
  4072 | D:4      | Killed an ogre
  4168 | D:5      | Entered Level 5 of the Dungeon
  4754 | D:5      | Found an opulent altar of Gozag.
  4755 | D:5      | Found a sparkling altar of Nemelex Xobeh.
  4763 | D:5      | Became a worshipper of Gozag Ym Sagoz the Greedy
  4944 | D:5      | Reached skill level 10 in Slings
  4944 | D:5      | Reached XP level 8. HP: 37/37 MP: 16/16
  5189 | D:5      | Reached skill level 5 in Dodging
  5666 | D:5      | Found a staircase to the Ecumenical Temple.
  5828 | Temple   | Entered the Ecumenical Temple
  6200 | D:6      | Reached skill level 5 in Stealth
  6402 | D:6      | Found a white marble altar of Elyvilon.
  6468 | D:6      | Noticed Grinder
  6474 | D:6      | Gained mutation: You are resistant to electric shocks. [potion of beneficial mutation]
  6828 | D:6      | Reached skill level 11 in Slings
  6958 | D:6      | Killed Grinder
  7392 | D:7      | Got a dazzling dagger
  7394 | D:7      | Identified the +10 dagger "Xaiselu" {elec, rElec rPois rC+ rN+ MR+} (You found it on level 7 of the Dungeon)
  7406 | D:7      | Reached XP level 9. HP: 40/40 MP: 18/18
  7774 | D:7      | Noticed Ijyb
  7783 | D:7      | Killed Ijyb
  8820 | D:8      | Got a silk robe
  8893 | D:8      | Reached skill level 5 in Short Blades
  8896 | D:8      | Got a smoking cutlass {distort}
  8948 | D:8      | Noticed Maurice
  9040 | D:8      | Killed Maurice
  9226 | D:8      | Noticed Grum
  9260 | D:8      | Reached skill level 10 in Dodging
  9270 | D:8      | Killed Grum
  9270 | D:8      | Reached XP level 10. HP: 34/44 MP: 15/19
  9552 | D:9      | Reached skill level 10 in Stealth
 10180 | D:9      | Found a blossoming altar of Fedhas.
 10336 | D:9      | Identified the Disquisition on Dislocation and Companions
 10339 | D:9      | Learned a level 1 spell: Apportation
 10623 | D:9      | Identified the +0 robe of Xom's Supremacy {+Fly Str+1} (You found it on level 8 of the Dungeon)
 10820 | D:9      | Reached skill level 12 in Dodging
 11052 | D:9      | Found a glowing silver altar of Zin.
 11194 | D:10     | Entered Level 10 of the Dungeon
 11249 | D:10     | Noticed a hill giant
 11455 | D:10     | Killed a hill giant
 11455 | D:10     | Reached skill level 13 in Stealth
 11455 | D:10     | Reached XP level 11. HP: 48/48 MP: 20/20
 11535 | D:10     | Noticed a hill giant
 11542 | D:10     | Killed a hill giant
 11604 | D:10     | Noticed a hill giant
 11647 | D:10     | Killed a hill giant
 11925 | D:11     | Reached skill level 14 in Stealth
 12073 | D:11     | Found a staircase to the Lair.
 12136 | D:11     | Reached skill level 15 in Stealth
 12358 | D:11     | Found Tholuapt's Book Emporium.
 12390 | D:11     | Found Qabupusm's Weapon Shoppe.
 12445 | D:11     | Bought the +9 hunting sling of Crawling {venom, rF+} for 790 gold pieces
 12634 | D:11     | Noticed Borgoz's ghost (powerful TrBe)
 12766 | D:11     | Killed Borgoz's ghost
 12766 | D:11     | Reached skill level 16 in Stealth
 13087 | Lair:1   | Entered Level 1 of the Lair of Beasts
 13318 | Lair:1   | Reached XP level 12. HP: 48/52 MP: 21/21
 13511 | Lair:1   | Reached skill level 17 in Stealth
 13938 | Lair:1   | Found a dark tunnel.
 13946 | Volcano  | Entered a volcano
 14771 | Lair:2   | Reached skill level 18 in Stealth
 14949 | Lair:2   | Noticed Fannar
 14956 | Lair:2   | Killed Fannar
 15397 | Lair:3   | Reached skill level 19 in Stealth
 15658 | Lair:3   | Reached skill level 10 in Short Blades
 15660 | Lair:3   | Noticed a five-headed hydra
 15661 | Lair:3   | Killed a five-headed hydra
 15661 | Lair:3   | Reached skill level 15 in Dodging
 15720 | Lair:3   | Reached skill level 1 in Fighting
 15967 | Lair:4   | Reached XP level 13. HP: 56/56 MP: 22/22
 16027 | Lair:4   | Reached skill level 20 in Stealth
 16276 | Lair:4   | Found a staircase to the Snake Pit.
 16569 | Lair:4   | Reached skill level 21 in Stealth
 16720 | Lair:4   | Found a staircase to the Shoals.
 18339 | Lair:6   | Reached skill level 22 in Stealth
 18774 | Lair:6   | Noticed Maud
 18782 | Lair:6   | Killed Maud
 19022 | Lair:7   | Found a viscous altar of Jiyva.
 19022 | Lair:7   | Found a staircase to the Slime Pits.
 19762 | Lair:7   | Reached XP level 14. HP: 65/65 MP: 23/23
 19854 | Lair:8   | Entered Level 8 of the Lair of Beasts
 19968 | Lair:8   | Reached skill level 23 in Stealth
 20473 | Lair:8   | Gained mutation: You have sharp fingernails. [potion of beneficial mutation]
 21100 | Lair:8   | Reached skill level 24 in Stealth
 22108 | D:12     | Noticed Joseph
 22126 | D:12     | Killed Joseph
 22559 | D:12     | Found a staircase to the Orcish Mines.
 22681 | D:12     | Found a deep blue altar of Sif Muna.
 23132 | D:12     | Identified Sif Muna's Volume of Protection
 23335 | Orc:1    | Entered Level 1 of the Orcish Mines
 23373 | Orc:1    | Found a bloodstained altar of Trog.
 23749 | Orc:1    | Found Xogier's Magic Scroll Shoppe.
 23757 | Orc:1    | Bought a scroll of magic mapping for 45 gold pieces
 23757 | Orc:1    | Bought a scroll of amnesia for 45 gold pieces
 23757 | Orc:1    | Bought a scroll of fear for 45 gold pieces
 23757 | Orc:1    | Bought a scroll of summoning for 123 gold pieces
 23757 | Orc:1    | Bought a scroll of fog for 26 gold pieces
 23757 | Orc:1    | Bought a scroll of fear for 45 gold pieces
 23757 | Orc:1    | Bought a scroll of remove curse for 39 gold pieces
 23757 | Orc:1    | Bought a scroll of teleportation for 39 gold pieces
 23757 | Orc:1    | Bought a scroll of torment for 97 gold pieces
 23757 | Orc:1    | Bought a scroll of identify for 26 gold pieces
 23757 | Orc:1    | Bought a scroll of remove curse for 39 gold pieces
 24541 | Orc:3    | Found Vuug's Assorted Antiques.
 24641 | Orc:3    | Bought a scroll of magic mapping for 108 gold pieces
 24641 | Orc:3    | Bought a scroll of remove curse for 93 gold pieces
 24641 | Orc:3    | Bought a ring of protection for 62 gold pieces
 24641 | Orc:3    | Bought a scroll of remove curse for 93 gold pieces
 24827 | Orc:3    | Found a roughly hewn altar of Beogh.
 25301 | Orc:4    | Entered Level 4 of the Orcish Mines
 25335 | Orc:4    | Found a staircase to the Elven Halls.
 25432 | Orc:4    | Noticed an orc warlord
 25432 | Orc:4    | Noticed Urug
 25712 | Orc:3    | Killed an orc warlord
 26103 | Orc:4    | Killed Urug
 26159 | Orc:4    | Found a roughly hewn altar of Beogh.
 26228 | Orc:4    | Found Twaod's General Store.
 26236 | Orc:4    | Bought 2 curare-tipped needles for 14 gold pieces
 26236 | Orc:4    | Bought a scroll of blinking for 90 gold pieces
 26236 | Orc:4    | Bought a scroll of teleportation for 36 gold pieces
 26274 | Orc:4    | Found Shryhepayxt's Antique Armour Shoppe.
 26319 | Orc:4    | Found Ysien's Antique Weapon Shoppe.
 26333 | Orc:4    | Reached XP level 15. HP: 63/70 MP: 24/24
 26335 | Orc:4    | Found Umpurchu's Jewellery Shoppe.
 26401 | Orc:4    | Reached skill level 25 in Stealth
 26511 | Orc:4    | Bought a transparent hunting sling for 234 gold pieces
 26513 | Orc:4    | Identified the +7 hunting sling "Killer Bee's Foe" {speed, Dex+2} (You bought it in a shop on level 4 of the Orcish Mines)
 26538 | Orc:4    | Found Tryvi's Jewellery Boutique.
 26716 | Orc:4    | Bought a smoking buckler for 342 gold pieces
 26722 | Orc:4    | Identified the +2 buckler "Fapareli" {Str+3 Dex-4} (You bought it in a shop on level 4 of the Orcish Mines)
 26736 | Orc:4    | Bought the ring of the Ancient Deaths {rC+ Stlth+ Regen} for 702 gold pieces
 26736 | Orc:4    | Bought a cursed -3 ring of dexterity for 30 gold pieces
 26736 | Orc:4    | Bought a cursed ring of loudness for 67 gold pieces
 26736 | Orc:4    | Bought a cursed amulet of inaccuracy for 30 gold pieces
 26757 | Orc:4    | Bought an uncursed amulet of warding for 225 gold pieces
 27229 | D:13     | Noticed Sonja
 27244 | D:13     | Killed Sonja
 27280 | D:13     | Found Ysumuo's General Store.
 27295 | D:13     | Bought a potion of haste for 126 gold pieces
 27295 | D:13     | Bought a manual of Shields for 1987 gold pieces
 27295 | D:13     | Bought a potion of invisibility for 99 gold pieces
 27316 | D:13     | Reached skill level 1 in Shields
 27445 | D:13     | Noticed Harold
 27450 | D:13     | Killed Harold
 28120 | D:14     | Found a gate to the Vaults.
 28256 | D:14     | Found an iron altar of Okawaru.
 28318 | D:14     | Reached skill level 5 in Shields
 29524 | D:14     | Found a roughly hewn altar of Beogh.
 29655 | D:15     | Entered Level 15 of the Dungeon
 29953 | D:15     | Noticed Josephine
 29991 | D:15     | Killed Josephine
 30122 | D:15     | Found a staircase to the Depths.
 30171 | D:15     | Noticed Rupert
 30177 | D:15     | Killed Rupert
 30205 | D:15     | Reached skill level 10 in Shields
 30778 | Orc:4    | Bought an uncursed ring of poison resistance for 300 gold pieces
 30778 | Orc:4    | Bought an uncursed ring of flight for 262 gold pieces
 31808 | Snake:1  | Entered Level 1 of the Snake Pit
 31814 | Snake:1  | Found Xeimas' Magic Scroll Shop.
 31821 | Snake:1  | Bought a scroll of blinking for 150 gold pieces
 31821 | Snake:1  | Bought a scroll of identify for 40 gold pieces
 31821 | Snake:1  | Bought a scroll of identify for 40 gold pieces
 31821 | Snake:1  | Bought a scroll of enchant weapon for 150 gold pieces
 31821 | Snake:1  | Bought a scroll of fog for 40 gold pieces
 31821 | Snake:1  | Bought a scroll of fear for 70 gold pieces
 31821 | Snake:1  | Bought a scroll of teleportation for 60 gold pieces
 31821 | Snake:1  | Bought a scroll of fear for 70 gold pieces
 31832 | Snake:1  | Noticed Snorg
 31837 | Snake:1  | Killed Snorg
 31922 | Snake:1  | Found Gaoraeg's Food Emporium.
 31926 | Snake:1  | Found Foyklewk's Assorted Antiques.
 31931 | Snake:1  | Bought a bread ration for 55 gold pieces
 31931 | Snake:1  | Bought 3 fruits for 49 gold pieces
 31931 | Snake:1  | Bought a royal jelly for 22 gold pieces
 31931 | Snake:1  | Bought a royal jelly for 22 gold pieces
 31931 | Snake:1  | Bought a bread ration for 55 gold pieces
 31939 | Snake:1  | Bought a potion of mutation for 72 gold pieces
 31939 | Snake:1  | Bought a potion of heal wounds for 87 gold pieces
 31939 | Snake:1  | Bought a thick malachite amulet for 145 gold pieces
 31997 | Snake:1  | Found Skeitz's Book Boutique.
 32105 | Snake:1  | Found Preakeh's Gadget Shoppe.
 32111 | Snake:1  | Bought a wand of heal wounds (4) for 624 gold pieces
 33818 | Snake:3  | Reached XP level 16. HP: 69/75 MP: 25/25
 33865 | Snake:3  | Reached skill level 5 in Fighting
 34153 | Snake:3  | Found Toerec's Armour Shop.
 35122 | Snake:1  | Bought a manual of Fighting for 2097 gold pieces
 36046 | Snake:5  | Entered Level 5 of the Snake Pit
 36069 | Snake:5  | Reached skill level 10 in Fighting
 37646 | Snake:5  | Reached XP level 17. HP: 89/93 MP: 26/26
 37867 | Snake:5  | Noticed Louise
 38006 | Snake:5  | Killed Louise
 38478 | Snake:5  | Got a serpentine rune of Zot
 39052 | Lair:1   | Learned a level 1 spell: Corona
 39181 | Shoals:1 | Entered Level 1 of the Shoals
 39204 | Shoals:1 | Noticed Donald
 39234 | Shoals:1 | Killed Donald
 39437 | Shoals:1 | Reached skill level 26 in Stealth
 40946 | Shoals:2 | Identified the Compendium of Supportive Changing
 40951 | Shoals:2 | Got a dazzling falchion
 40964 | Shoals:2 | Identified the +5 falchion of Summer {freeze, rC+ Stlth+} (You found it on level 2 of the Shoals)
 41041 | Shoals:2 | Reached skill level 27 in Stealth
 41891 | Shoals:2 | Noticed Saint Roka
 42118 | Shoals:2 | Killed Saint Roka
 42609 | Shoals:3 | Reached XP level 18. HP: 98/98 MP: 27/27
 42911 | Shoals:3 | Noticed Polyphemus
 42979 | Shoals:3 | Killed Polyphemus
 44121 | Lair:1   | Upgraded the game from 0.15-a0-1995-g7e6aeab to 0.15-a0-2019-g30d9616
 44121 | Lair:1   | Upgraded the game from 0.15-a0-2019-g30d9616 to 0.15-a0-2130-g28e4b74
 44121 | Lair:1   | Upgraded the game from 0.15-a0-2130-g28e4b74 to 0.15-a0-2144-g51de978
 44121 | Lair:1   | Upgraded the game from 0.15-a0-2144-g51de978 to 0.15-a0-2198-g7f377d1
 44121 | Lair:1   | Upgraded the game from 0.15-a0-2198-g7f377d1 to 0.15-a0-2227-g1e78800
 44365 | Shoals:4 | Found a stormy altar of Qazlal.
 44371 | Shoals:4 | Noticed Frances
 44545 | Shoals:4 | Killed Frances
 44894 | Shoals:4 | Noticed Mara
 44898 | Shoals:4 | Noticed Chiseanne's illusion
 44923 | Shoals:4 | Noticed Wiglaf
 44926 | Shoals:4 | Killed Mara
 44989 | Shoals:4 | Killed Wiglaf
 45378 | Shoals:5 | Entered Level 5 of the Shoals
 45514 | Shoals:5 | Got a barnacled rune of Zot
 45646 | Shoals:5 | Identified a scroll of acquirement
 45707 | Shoals:5 | Noticed Ilsuiw
 45770 | Shoals:5 | Killed Ilsuiw
 46051 | Shoals:5 | Got a fine lead ring
 46056 | Shoals:5 | Identified the ring of Zunexuaj {+Fly rPois Str+4} (You found it on level 5 of the Shoals)
 46851 | Elf:1    | Entered Level 1 of the Elven Halls
 47177 | Elf:1    | Reached XP level 19. HP: 103/103 MP: 27/27
 47449 | Elf:1    | Got a crude hat
 47456 | Elf:1    | Identified the +1 hat "Reirav" {rC+} (You acquired it on level 1 of the Elven Halls)
 47976 | Elf:2    | Found Haar's Gadget Boutique.
 48216 | Elf:2    | Noticed Aizul
 48226 | Elf:2    | Killed Aizul
 48444 | Elf:3    | Entered Level 3 of the Elven Halls
 48864 | Elf:3    | Found a shimmering altar of Xom.
 49292 | Elf:3    | Gained mutation: You heal slowly when monsters are visible. [a neqoxec]
 49622 | Elf:3    | Gained mutation: Armour fits poorly on your strangely shaped body. [a neqoxec]
 50980 | Elf:3    | Got a crude whip
 50982 | Elf:3    | Identified the cursed -1 whip "Vakhlev" {flame, +Blink MR+} (You took it off a deep elf demonologist on level 3 of the Elven Halls)
 51042 | Elf:3    | Got a twisted quarterstaff
 51043 | Elf:3    | Identified the cursed -2 quarterstaff "Nihuomneoss" {elec, rPois rC+ MR+} (You found it on level 3 of the Elven Halls)
 51670 | Vaults:1 | Entered Level 1 of the Vaults
 52147 | Vaults:1 | Cast into the Abyss (big kobold)
 52459 | Vaults:1 | Escaped the Abyss
 52858 | Vaults:1 | Learned a level 2 spell: Blink
 52861 | Vaults:1 | Learned a level 2 spell: Shroud of Golubria
 53611 | Vaults:2 | Reached skill level 27 in Dodging
 53625 | Vaults:2 | Noticed Asterion
 53739 | Vaults:2 | Found a staircase to the Crypt.
 53767 | Vaults:2 | Reached XP level 20. HP: 94/108 MP: 24/28
 53807 | Vaults:2 | Found a flickering gateway to a bazaar.
 53832 | Bazaar   | Entered a bazaar
 53846 | Bazaar   | Found Vax Zya's Distillery.
 53850 | Bazaar   | Bought a potion of curing for 38 gold pieces
 53850 | Bazaar   | Bought a potion of curing for 38 gold pieces
 53850 | Bazaar   | Bought a potion of invisibility for 104 gold pieces
 53850 | Bazaar   | Bought a potion of haste for 133 gold pieces
 53850 | Bazaar   | Bought a potion of restore abilities for 57 gold pieces
 53850 | Bazaar   | Bought a potion of might for 47 gold pieces
 53850 | Bazaar   | Bought a potion of heal wounds for 57 gold pieces
 53850 | Bazaar   | Bought a potion of agility for 47 gold pieces
 53883 | Bazaar   | Found Lidontig's Distillery.
 53887 | Bazaar   | Bought a potion of heal wounds for 45 gold pieces
 53887 | Bazaar   | Bought a potion of agility for 37 gold pieces
 53887 | Bazaar   | Bought a potion of restore abilities for 45 gold pieces
 53887 | Bazaar   | Bought a potion of agility for 37 gold pieces
 53887 | Bazaar   | Bought a potion of agility for 37 gold pieces
 53887 | Bazaar   | Bought a potion of flight for 45 gold pieces
 53887 | Bazaar   | Bought a potion of heal wounds for 45 gold pieces
 53895 | Bazaar   | Found Cetoid's Gadget Shoppe.
 53926 | Bazaar   | Found Ciakleq's Gadget Shoppe.
 54296 | Vaults:2 | Killed Asterion
 56145 | Vaults:3 | Identified the Grimoire of Destructive Poisoning
 56516 | Vaults:3 | Noticed Norris
 56655 | Vaults:3 | Killed Norris
 56895 | Vaults:3 | Found Muaviuto's Gadget Shop.
 57810 | Vaults:4 | Noticed Frederick
 57817 | Vaults:4 | Reached skill level 15 in Shields
 57855 | Vaults:4 | Killed Frederick
 57884 | Vaults:4 | Reached XP level 21. HP: 112/112 MP: 29/29
 59249 | Vaults:4 | Upgraded the game from 0.15-a0-2227-g1e78800 to 0.15-a0-2232-g756d4b8
 59283 | Vaults:5 | Entered Level 5 of the Vaults
 60645 | Vaults:5 | Got a warped pewter amulet
 60685 | Vaults:5 | Identified the amulet of Order {Clar Slay+4 Stlth--} (You found it on level 5 of the Vaults)
 60776 | Vaults:5 | HP: 4/112 [tentacled monstrosity (6)]
 60776 | Vaults:5 | Slain by a tentacled monstrosity

Action                   |  1- 3 |  4- 6 |  7- 9 | 10-12 | 13-15 | 16-18 | 19-21 || total
-------------------------+-------+-------+-------+-------+-------+-------+-------++-------
Melee: Short sword       |    14 |       |    25 |       |       |       |       ||    39
       Whip              |       |       |     7 |       |       |       |       ||     7
       Cutlass           |       |       |    14 |       |       |       |       ||    14
       Dagger            |       |       |   180 |   648 |  1817 |  2240 |  2771 ||  7656
 Fire: Hunting sling     |    89 |    94 |   216 |    75 |   313 |   493 |   164 ||  1444
       Greatsling        |       |       |       |       |       |     4 |       ||     4
       Blowgun           |       |       |       |       |       |     2 |    22 ||    24
Throw: Throwing net      |       |       |     2 |       |       |       |       ||     2
       Tomahawk          |       |       |       |     2 |     5 |       |       ||     7
       Stone             |       |       |       |     1 |       |       |       ||     1
 Abil: Evoke Flight      |       |       |       |       |     2 |     5 |       ||     7
Evoke: Wand              |       |       |     1 |     7 |    31 |    43 |    12 ||    94
       Sack of spiders   |       |       |       |       |       |     9 |     1 ||    10
  Use: Scroll            |    11 |       |     7 |    12 |    14 |    13 |    15 ||    72
       Potion            |       |       |     5 |     3 |     2 |    11 |     8 ||    29
 Stab: Sleeping          |     2 |       |     8 |    94 |   188 |    59 |    94 ||   445
       Distracted        |       |       |     1 |     4 |    20 |    16 |    30 ||    71
       Held in net/web   |       |       |     1 |       |       |     1 |     1 ||     3
       Invisible         |       |       |       |       |       |     2 |       ||     2
       Fleeing           |       |       |       |       |       |       |     1 ||     1
  Eat: Royal jelly       |       |       |     1 |     1 |     1 |     2 |     1 ||     6
       Pizza             |       |       |       |     1 |     1 |     3 |     3 ||     8
       Fruit             |       |       |       |       |    21 |    14 |     4 ||    39
       Bread ration      |       |       |       |       |       |       |     4 ||     4
